 Dungeon Crawl Stone Soup version 0.31.0-11-ge490571c62 (webtiles) character file.

Game seed: 3755020194176203390

336 qw the Skirmisher (level 6, 0/35 HPs)
             Began as a Deep Elf Hunter on Feb 3, 2024.
             Slain by a bullfrog (5 damage)
             ... in a sewer.
             The game lasted 00:00:13 (2229 turns).

qw the Skirmisher (Deep Elf Hunter)                 Turns: 2229, Time: 00:00:13

Health: 0/35       AC:  5    Str: 10    XL:     6   Next: 28%
Magic:  8/8        EV: 11    Int: 14    God:
Gold:   96         SH:  0    Dex: 18    Spells: 5/5 levels left

rFire   + . .        a - +1 shortbow (freeze)
rCold   + . .        (shield currently unavailable)
rNeg    . . .        e - +0 ring mail {rF+}
rPois   .            (no helmet)
rElec   .            (no cloak)
rCorr   .            (no gloves)
SInv    .            (no boots)
Will    .....        (no amulet)
Stlth   +            b - ring of protection from cold
HPRegen 0.25/turn    (no ring)
MPRegen 0.11/turn

%: no passive effects
@: very slow
A: no striking features
a: no special abilities


You were in a sewer.
You visited 1 branch of the dungeon, and saw 3 of its levels.
You also visited: Sewer.

You collected 96 gold pieces.


   Skills:
 - Level 2.0 Fighting
 + Level 9.8 Ranged Weapons
 - Level 2.4 Dodging
 - Level 1.2 Stealth


You had 5 spell levels left.
You didn't know any spells.
Your spell library was empty.

Inventory:

Hand Weapons
 a - a +1 shortbow of freezing (weapon)
Armour
 e - a +0 ring mail of fire resistance (worn)
Jewellery
 b - a ring of protection from cold (left hand)
Scrolls
 c - a scroll of identify
 g - a scroll of fear {unknown}
 i - a scroll of teleportation {unknown}
Potions
 d - 2 potions of curing
 f - 3 potions of haste
 h - 2 potions of enlightenment
 j - a potion of cancellation {unknown}

Dungeon Overview and Level Annotations

Branches:
Dungeon (3/15)              Sewer (1/1)

Altars:
Yredelemnul

Shops:
D:3 :


Message History

The arrow hits the bullfrog but does no damage.
The bullfrog is moderately wounded.
The bullfrog misses you.
The bullfrog hits you but does no damage.
The adder bites you but does no damage.
You shoot an arrow.
The arrow hits the bullfrog but does no damage.
The bullfrog is moderately wounded.
The bullfrog hits you but does no damage.
The adder bites you but does no damage. The bullfrog barely misses you.
2224 ||| RETREEEEATING.
The bullfrog closely misses you. The bullfrog hits you. x2
The bullfrog closely misses you.
Enter note:
2225 ||| RETREEEEATING.
The bullfrog hits you. The adder barely misses you.
The bullfrog barely misses you. The bullfrog hits you.
The adder closely misses you. The bullfrog hits you.
Enter note:
2226 ||| RETREEEEATING.
The adder barely misses you. The bullfrog hits you.
The bullfrog barely misses you. The adder barely misses you.
The adder bites you but does no damage.
The bullfrog hits you but does no damage.
The bullfrog barely misses you. The adder bites you but does no damage.
Enter note:
2227 ||| RETREEEEATING.
The adder bites you but does no damage. The adder bites you.
The bullfrog barely misses you. The adder closely misses you.
The bullfrog hits you. The adder bites you but does no damage.
Enter note:
2228 ||| RETREEEEATING.
The bullfrog attacks as it pursues you! The bullfrog hits you.
The bullfrog attacks as it pursues you! The bullfrog hits you. x3
The adder bites you but does no damage. The bullfrog completely misses you.
Enter note:
2229 ||| RETREEEEATING.
The bullfrog closely misses you. The adder barely misses you.
The bullfrog hits you. x2
You die...

##### ####...####
####.........####
##...............##
#.........#.......#
##......##'##......##
#...S..##..###......#
#.~.F@.##..# #.%.~..#
#~~~SF~##### #~~~~~~#
#~~~~l~# #~~~~~~#
#~~~~~~# #~~~~~~#
#~~~~~~# #%%~~~~#
#~~~~~~# #~~~~~~#
#~#~~~~# ##.~~~##
#~~#~~~# #~~.(..#
#~.~~~~# #~....~#


You could see 2 bullfrogs, 2 adders and a frilled lizard.

Vanquished Creatures
  Natasha (twice) (D:3)
  7 adders
  4 gnolls (D:2)
  10 river rats
  A ribbon worm (D:2)
  An orc (D:3)
  15 ball pythons
  An endoplasm (D:2)
  5 giant cockroaches
  10 goblins
  9 hobgoblins
  3 jackals (D:1)
  2 quokkas (D:1)
  7 bats
  2 frilled lizards
  4 kobolds
  24 rats
107 creatures vanquished.

Notes
Turn   | Place    | Note
-------+----------+-------------------------------------------
     0 | D:1      | qw the Deep Elf Hunter began the quest for the Orb.
     0 | D:1      | Reached XP level 1. HP: 12/12 MP: 3/3
     0 | D:1      | 0 ||| qw: Version: 0.3-a-157-g843a77d
     0 | D:1      | 0 ||| qw: Game counter: 3793
     0 | D:1      | 0 ||| qw: Melee chars always use a shield: true
     0 | D:1      | 0 ||| qw: God list: Okawaru
     0 | D:1      | 0 ||| qw: Allow faded altars: false
     0 | D:1      | 0 ||| qw: Do Orc after clearing Dungeon:15 true
     0 | D:1      | 0 ||| qw: Do second Lair branch before Depths: true
     0 | D:1      | 0 ||| qw: Lair rune preference: random
     0 | D:1      | 0 ||| qw: Goals: Normal
     0 | D:1      | 0 ||| PLANNING D:1-11
   153 | D:1      | Reached XP level 2. HP: 16/16 MP: 4/4
   167 | D:1      | Reached skill level 6 in Ranged Weapons
   437 | D:1      | Found a faded altar of an unknown god.
   531 | D:1      | Reached XP level 3. HP: 19/20 MP: 5/5
   762 | D:1      | 762 ||| UPGRADING to +0 ring mail.
   772 | D:1      | 772 ||| DROPPING +0 leather armour.
   773 | D:1      | 773 ||| READING scroll labelled NIGUIF VISHO.
   774 | D:1      | 774 ||| READING scroll labelled JILIOS DAOSOU.
   775 | D:1      | 775 ||| READING 4 scrolls labelled XOGU AREMODOF.
   776 | D:1      | 776 ||| READING scroll labelled QAUXUCK TOPUD.
   777 | D:1      | 777 ||| READING scroll labelled OTHIHO GIEMA.
   777 | D:1      | 777 ||| BRANDING +0 shortbow.
   778 | D:1      | 778 ||| READING scroll labelled VUMAETEIGG.
   778 | D:1      | 778 ||| IDENTIFYING fuming red potion
   779 | D:1      | 779 ||| DRINKING 2 smoky blue potions.
   780 | D:1      | 780 ||| DROPPING scroll of butterflies.
   781 | D:1      | 781 ||| DROPPING 3 scrolls of immolation.
   783 | D:1      | 783 ||| Stepping ~*~*~tactically~*~*~ (cloud).
   785 | D:1      | HP: 5/20 [poisoned by you (poison gas)]
   789 | D:1      | HP: 2/20 [poisoned by you (poison gas)]
   895 | D:2      | Found a basalt altar of Yredelemnul.
  1068 | D:2      | Reached skill level 7 in Ranged Weapons
  1077 | D:2      | Reached XP level 4. HP: 16/25 MP: 6/6
  1448 | D:2      | 1448 ||| READING scroll labelled FELUFF COOG.
  1549 | D:2      | 1549 ||| READING scroll labelled LUHEAT GOLEKK.
  1650 | D:2      | 1650 ||| DRINKING 2 cyan potions.
  1651 | D:2      | 1651 ||| DRINKING lumpy grey potion.
  1660 | D:2      | 1660 ||| DROPPING potion of ambrosia.
  1674 | D:3      | 1674 ||| PLANNING SEWER
  1674 | D:3      | 1674 ||| STAIRDANCE
  1683 | D:3      | 1683 ||| STAIRDANCE
  1688 | D:2      | Reached skill level 8 in Ranged Weapons
  1747 | D:3      | Noticed Natasha
  1750 | D:3      | Killed Natasha
  1779 | D:3      | Found Aribam's Book Emporium.
  1796 | D:3      | 1796 ||| UPGRADING to +0 ring mail of fire resistance.
  1806 | D:3      | 1806 ||| DROPPING +0 ring mail.
  1844 | D:3      | Noticed Natasha
  1847 | D:3      | Killed Natasha
  1848 | D:3      | Reached XP level 5. HP: 29/29 MP: 7/7
  1916 | D:3      | Found a glowing drain.
  1917 | D:3      | 1917 ||| UPGRADING to ring of protection from cold.
  1918 | D:3      | 1918 ||| READING scroll labelled PUACAP TILOENG.
  1918 | D:3      | 1918 ||| ENCHANTING +0 shortbow of freezing.
  1919 | D:3      | 1919 ||| DRINKING 2 inky potions.
  1925 | Sewer    | Entered a sewer
  1945 | Sewer    | Reached skill level 9 in Ranged Weapons
  2094 | Sewer    | Reached XP level 6. HP: 35/35 MP: 8/8
  2219 | Sewer    | 2219 ||| RETREEEEATING.
  2224 | Sewer    | 2224 ||| RETREEEEATING.
  2225 | Sewer    | 2225 ||| RETREEEEATING.
  2226 | Sewer    | 2226 ||| RETREEEEATING.
  2227 | Sewer    | 2227 ||| RETREEEEATING.
  2228 | Sewer    | 2228 ||| RETREEEEATING.
  2228 | Sewer    | HP: 8/35 [bullfrog (2)]
  2229 | Sewer    | 2229 ||| RETREEEEATING.
  2229 | Sewer    | Slain by a bullfrog

Levels and vault maps discovered:
D:1:      sevenhm_arrival_forest_fort_large_4, layout_rooms,
          hellmonk_ecumenical_altar_prayer_group, hex_large,
          minmay_gold_behind_fungi, st_stairs_12, hangedman_decor_slide_cut,
          feat_on_display
D:2:      layout_basic, basic_altar
D:3:      layout_rooms, portal_sewer_entry_e, serial_shops, shop, uniq_natasha
Sewer:    sewer_minmay_w

Skill      XL: |  1  2  3  4  5 |
---------------+----------------+-----
Ranged Weapons | 6 7 8 9 |  9.8
Fighting       | 2 |  2.0
Dodging        | |  2.4
Stealth        | |  1.2

Action                     |  1- 3 |  4- 6 || total
---------------------------+-------+-------++-------
   Fire: Shortbow          |    97 |   162 ||   259
    Use: Scroll            |     6 |     3 ||     9
         Potion            |     1 |     3 ||     4
 Armour: Leather armour    |    17 |       ||    17
         Ring mail         |     2 |    83 ||    85
  Dodge: Dodged            |    34 |    79 ||   113

Table legend:
 A = Non-vault XP
 B = Vault XP
 C = Vault XP percentage of total XP
 D = Non-vault monster count
 E = Vault monster count
 F = Vault count percentage of total count
                 A         B        C        D         E       F
            +---------+---------+-------+---------+---------+-------
      Total |     186 |     295 |  61.3 |      53 |      54 |  50.5
            +---------+---------+-------+---------+---------+-------
        D:1 |      44 |       6 |  12.0 |      26 |       3 |  10.3
        D:2 |     100 |       0 |   0.0 |      22 |       0 |   0.0
        D:3 |      42 |      82 |  66.1 |       5 |       9 |  64.3
      Sewer |       0 |     207 | 100.0 |       0 |      42 | 100.0
            +---------+---------+-------+---------+---------+-------
